 Dungeon Crawl Stone Soup version 0.31-a0-1074-g0b22e4e0f1 (webtiles) character file.

Game seed: 4528346120377259930

17504 Smoke131 the Arsonist (level 12, -3/100 HPs)
             Began as a Grey Draconian Fire Elementalist on Dec 1, 2023.
             Was a Follower of Vehumet.
             Slain by a demonic crawler (5 damage)
             ... on level 1 of the Lair of Beasts on Dec 2, 2023.
             The game lasted 00:53:33 (16769 turns).

Smoke131 the Arsonist (DrFE)                       Turns: 16769, Time: 00:53:33

Health: -3/100     AC: 21    Str: 10    XL:     12   Next: 19%
Magic:  17/26      EV: 11    Int: 21    God:    Vehumet [*.....]
Gold:   505        SH:  7    Dex: 12    Spells: 21/32 levels left

rFire   . . .        r - +2 spear (venom)
rCold   . . .        H - +3 buckler
rNeg    . . .        (body armour unavailable)
rPois   .            (helmet restricted)
rElec   +            m - +1 cloak
rCorr   .            (no gloves)
SInv    .            D - +1 pair of boots
Will    .....        (no amulet)
Stlth   ++           w - ring "Acroan Jeikh" {Wiz rElec}
HPRegen 0.36/turn    z - +4 ring of protection
MPRegen 0.20/turn

%: wizardry (x1)
@: about to teleport
A: AC +13, amphibious, unfitting armour, cold-blooded
a: Renounce Religion


You were on level 1 of the Lair of Beasts.
You worshipped Vehumet.
Vehumet was aware of your devotion.
You visited 3 branches of the dungeon, and saw 14 of its levels.
You also visited: Bailey.

You collected 753 gold pieces.
You spent 248 gold pieces at shops.

Inventory:

Hand Weapons
 c - a +4 trident
 r - a +2 spear of venom (weapon)
 C - a +2 vampiric hand axe
Missiles
 u - 2 throwing nets (quivered)
Armour
 m - a +1 cloak (worn)
 D - a +1 pair of boots (worn)
 H - a +3 buckler (worn)
Jewellery
 h - a +5 ring of evasion
 s - a ring of protection from cold
 v - a +6 ring of intelligence
 w - the ring "Acroan Jeikh" (left hand) {Wiz rElec}
   (You found it in a bailey)

   [ring of wizardry]

   Wiz:       It improves your spell success rate.
   rElec:     It insulates you from electricity.
 z - a +4 ring of protection (right hand)
 A - a +6 ring of dexterity
Wands
 d - a wand of flame (29)
 l - a wand of digging (7)
 y - a wand of polymorph (8)
 G - a wand of roots (2)
 I - a wand of mindburst (7)
Scrolls
 i - 3 scrolls of fear
 k - 3 scrolls of identify
 x - a scroll of butterflies
 E - a scroll of revelation
Potions
 a - a potion of magic
 b - a potion of mutation
 e - a potion of brilliance
 f - 2 potions of lignification
 g - 2 potions of resistance
 j - a potion of might
 o - 3 potions of curing
 q - 3 potions of enlightenment
 B - a potion of ambrosia
 F - 2 potions of haste


   Skills:
 + Level 7.1 Fighting
 - Level 2.0 Dodging
 - Level 2.0 Stealth
 + Level 2.7 Shields
 + Level 10.6 Spellcasting
 + Level 11.0 Conjurations
 + Level 11.0 Fire Magic


You had 21 spell levels left.
You knew the following spells:

 Your Spells              Type           Power      Damage    Failure   Level
a - Foxfire               Conj/Fire      100%       2x1d9     1%          1
b - Scorch                Fire           100%       2d9       1%          2
c - Flame Wave            Conj/Fire      55%        2d13      1%          4
d - Volatile Blastmotes   Fire/Tloc      68%        2d15      1%          3
z - Magic Dart            Conj           100%       1d8       1%          1

Your spell library contained the following spells:

 Spells                   Type           Power      Damage    Failure   Level
 Inner Flame              Hex/Fire       34%        N/A       1%          3
 Sting                    Tmut/Pois      44%        1d5       3%          1
 Poisonous Vapours        Pois/Air       22%        N/A       6%          2
 Olgreb's Toxic Radiance  Pois           11%        N/A       32%         4
 Summon Lightning Spire   Summ/Air       11%        N/A       32%         4
 Lee's Rapid Deconstruct  Erth           5%         3d6*      65%         5
 Animate Armour           Summ/Erth      Unusable   N/A       N/A         4

Dungeon Overview and Level Annotations

Branches:
Dungeon (12/15)            Temple (1/1) D:4            Lair (1/5) D:8
    Orc (0/2) D:11         Bailey (visited)

Altars:
Ashenzari
Cheibriados
Dithmenos
Elyvilon
Fedhas
Gozag
Hepliaklqana
Kikubaaqudgha
Makhleb
Nemelex Xobeh
Okawaru
Qazlal
Ru
Sif Muna
Trog
Uskayaw
Vehumet
Wu Jian
Xom
Yredelemnul
Zin
The Shining One

Shops:
D:1 **=(   D:7 ?

Annotations:
D:6 3 runed translucent doors, gdog's ghost, weakling GnDe


Innate Abilities, Weirdness & Mutations

Your dull iron-grey scales are very hard. (AC +13)
You are amphibious.
You cannot fit into any form of body armour.
You are cold-blooded and may be slowed by cold attacks.


Message History

The demonic crawler is severely wounded.
The demonic crawler barely misses you. The demonic crawler hits you!
* * * LOW HITPOINT WARNING * * *
The demonic crawler hits you but does no damage. x2
You block the demonic crawler's attack. The demonic crawler closely misses you.
You hit the demonic crawler but do no damage.
The demonic crawler is heavily wounded.
You block the demonic crawler's attack. The demonic crawler hits you!
* * * LOW HITPOINT WARNING * * *
The demonic crawler hits you but does no damage.
Blink to where?
Press: ? - help, Dir - move target, p - demonic crawler
As you read the scroll of blinking, it crumbles to dust.
Aiming: Fastroot
Press: ? - help, Shift-Dir - straight line, f - demonic crawler
Aim: a demonic crawler (moderately wounded, extremely poisoned)
The roots erupt in riotous growth!
Roots grab the demonic crawler.
The grasping roots constrict the demonic crawler, but do no damage.
The demonic crawler struggles to escape constriction.
The grasping roots constrict the demonic crawler.
The roots release their grip on the demonic crawler.
Aiming: Fastroot
Press: ? - help, Shift-Dir - straight line, f/p - demonic crawler
Aim: a demonic crawler (moderately wounded, extremely poisoned)
The roots erupt in riotous growth!
Roots grab the demonic crawler.
The grasping roots constrict the demonic crawler.
The demonic crawler struggles to escape constriction.
The grasping roots constrict the demonic crawler!
The roots release their grip on the demonic crawler.
As you read the scroll of teleportation, it crumbles to dust.
You feel strangely unstable. The demonic crawler hits you!
* * * LOW HITPOINT WARNING * * *
The demonic crawler hits you but does no damage.
The demonic crawler barely misses you.
The demonic crawler attacks as it pursues you!
The demonic crawler hits you but does no damage. x2
The demonic crawler hits you.
You die...

#.8.8#..#.#.##.......
#.....###.###........
##8.8................
##.#................
##................♣
##..#########.....~
#....########..#...
##s.##...[.##.....♣
#@..#.....#...#..♣
#..##.....#P......
#.........##..#...
#<.##.........#...
#..###.####♣..#...
#..##..##P#♣~P~...
#.........~P~~♣...
#........♣♣~~~♣~~.
##......♣♣~♣~~~~~♣~


You could see a demonic crawler (extremely poisoned).

Vanquished Creatures
  2 boulder beetles
  2 two-headed ogres
  A skeletal warrior (D:12)
  A torpor snail (Lair:1)
  2 cane toads (Lair:1)
  Psyche (D:8)
  2 komodo dragons
  A kobold demonologist (D:10)
  2 trolls
  Prince Ribbit (D:8)
  3 slime creatures
  A vampire (D:9)
  A shadow (D:10)
  A wyvern (D:8)
  24 yaks
  3 steam dragons
  A swamp worm (Lair:1)
  5 water moccasins (Lair:1)
  An acid dragon (D:10)
  2 black bears (D:7)
  4 sky beasts
  10 orc warriors (Bailey)
  An ice beast (D:7)
  An ogre (D:7)
  7 wolves
  15 centaurs
  2 phantoms
  A kobold brigand (D:5)
  3 bullfrogs
  2 scorpions
  5 wights
  21 killer bees
  11 electric eels
  2 howler monkeys
  8 hounds
  5 jellies
  5 orc priests
  3 gnoll boudas
  5 iguanas
  11 orc wizards
  4 adders
  17 gnolls
  A shadow imp (D:8)
  A white imp (D:6)
  2 ufetubi (D:6)
  2 worms
  3 dart slugs
  54 orcs
  6 endoplasms
  4 giant cockroaches
  7 goblins
  6 hobgoblins
  12 jackals
  11 kobolds
  3 quokkas (D:1)
  5 ball pythons
  6 bats
  4 frilled lizards
  5 rats
332 creatures vanquished.

Vanquished Creatures (collateral kills)
  7 foxfires
7 creatures vanquished.

Vanquished Creatures (others)
  An orc wizard (D:9)
  739 foxfires
740 creatures vanquished.

Grand Total: 1079 creatures vanquished

Notes
Turn   | Place    | Note
-------+----------+-------------------------------------------
     0 | D:1      | Smoke131 the Draconian Fire Elementalist began the quest
                  | for the Orb.
     0 | D:1      | Reached XP level 1. HP: 14/14 MP: 3/3
    45 | D:1      | Found Haukide's Jewellery Shoppe.
   263 | D:1      | Found Olacw's Weapon Shoppe.
   332 | D:1      | Reached XP level 2. HP: 20/20 MP: 5/5
   664 | D:1      | Found Vifryl's General Store.
   685 | D:1      | Bought a scroll of fear for 52 gold pieces
   745 | D:1      | Found Suerobof's Assorted Antiques.
   754 | D:1      | Bought a clear potion for 20 gold pieces
   754 | D:1      | Bought a cyan potion for 20 gold pieces
  1007 | D:1      | Learned a level 2 spell: Scorch
  1158 | D:2      | Reached XP level 3. HP: 24/26 MP: 1/6
  1224 | D:2      | Found a stormy altar of Qazlal.
  2160 | D:3      | Reached XP level 4. HP: 33/33 MP: 8/8
  2223 | D:3      | Found a glowing golden altar of the Shining One.
  2334 | D:3      | Found a blossoming altar of Fedhas.
  2342 | D:3      | Noticed a scorpion
  2350 | D:3      | Killed a scorpion
  2647 | D:3      | Reached XP level 5. HP: 38/38 MP: 9/9
  3071 | D:4      | Found a staircase to the Ecumenical Temple.
  3076 | Temple   | Entered the Ecumenical Temple
  3613 | D:4      | Found a hide-covered altar of Uskayaw.
  3645 | D:4      | Reached XP level 6. HP: 45/45 MP: 4/11
  4115 | D:5      | Entered Level 5 of the Dungeon
  4468 | D:5      | Reached skill level 5 in Fire Magic
  4654 | D:5      | Your scales start taking on a dull iron-grey colour.
  4654 | D:5      | Reached XP level 7. HP: 50/50 MP: 5/13
  5417 | D:5      | Learned a level 4 spell: Flame Wave
  5444 | D:6      | Reached skill level 5 in Spellcasting
  5444 | D:6      | Reached skill level 5 in Conjurations
  5503 | D:6      | Reached skill level 1 in Fighting
  5539 | D:6      | Reached XP level 8. HP: 58/61 MP: 6/16
  6005 | D:6      | Found a runed translucent gate.
  6005 | D:6      | Found a runed translucent gate.
  6006 | D:6      | Found a runed translucent gate.
  6007 | D:6      | Found an opulent altar of Gozag.
  6009 | D:6      | Noticed a two-headed ogre
  6009 | D:6      | Noticed gdog's ghost (weakling GnDe)
  6031 | D:6      | Found a shimmering blue altar of Sif Muna.
  6099 | D:6      | Found a snail-covered altar of Cheibriados.
  6784 | D:7      | Reached XP level 9. HP: 43/72 MP: 1/18
  6896 | D:7      | Found Wotuw's Magic Scroll Shoppe.
  6904 | D:7      | Bought a scroll of identify for 26 gold pieces
  6904 | D:7      | Bought a scroll of identify for 26 gold pieces
  6904 | D:7      | Bought a scroll of identify for 26 gold pieces
  6904 | D:7      | Bought a scroll of identify for 26 gold pieces
  6904 | D:7      | Bought a scroll of identify for 26 gold pieces
  6904 | D:7      | Bought a scroll of identify for 26 gold pieces
  7449 | D:7      | Noticed a two-headed ogre
  7455 | D:7      | Killed a two-headed ogre
  7456 | D:7      | Reached skill level 5 in Fighting
  8190 | D:8      | Noticed Psyche
  8207 | D:8      | Killed Psyche
  8208 | D:8      | Noticed a troll
  8268 | D:8      | Found a hazy altar of Hepliaklqana.
  8634 | D:8      | Reached XP level 10. HP: 76/81 MP: 13/21
  9071 | D:8      | Found a staircase to the Lair.
  9334 | D:8      | Noticed Prince Ribbit
  9340 | D:8      | Killed Prince Ribbit
  9573 | D:9      | Found an opulent altar of Gozag.
  9574 | D:9      | Found an iron altar of Okawaru.
  9650 | D:9      | Found an ornate altar of the Wu Jian Council.
  9935 | D:9      | Found a flagged portal.
  9952 | Bailey   | Entered a bailey
 10582 | Bailey   | Reached XP level 11. HP: 65/86 MP: 24/24
 11355 | Bailey   | Identified the ring "Acroan Jeikh" {Wiz rElec}
 11939 | D:10     | Entered Level 10 of the Dungeon
 12079 | D:10     | Reached skill level 10 in Fire Magic
 12167 | D:10     | Found a basalt altar of Yredelemnul.
 12398 | D:10     | Reached skill level 10 in Conjurations
 12474 | D:10     | Found a radiant altar of Vehumet.
 12491 | D:10     | Became a worshipper of Vehumet
 12714 | D:10     | Identified the ring of Levity {Will+ Dex+6}
 13282 | D:11     | Reached skill level 10 in Spellcasting
 13282 | D:11     | Noticed a boulder beetle
 13284 | D:11     | Reached * piety under Vehumet
 13284 | D:11     | Offered knowledge of Magic Dart by Vehumet.
 13303 | D:10     | Killed a boulder beetle
 13454 | D:11     | Noticed a two-headed ogre
 13474 | D:11     | Killed a two-headed ogre
 13730 | D:11     | Found a staircase to the Orcish Mines.
 13971 | D:12     | Noticed a skeletal warrior
 13987 | D:12     | Noticed a skeletal warrior
 13999 | D:12     | Killed a skeletal warrior
 14298 | D:8      | Learned a level 3 spell: Volatile Blastmotes
 14314 | D:8      | Learned a level 1 spell: Magic Dart
 14316 | Lair:1   | Entered Level 1 of the Lair of Beasts
 14494 | Lair:1   | Reached skill level 1 in Shields
 14917 | Lair:1   | Reached XP level 12. HP: 97/97 MP: 18/26
 15080 | Lair:1   | Noticed a boulder beetle
 15115 | Lair:1   | Killed a boulder beetle
 15504 | Lair:1   | Noticed a demonic crawler
 16768 | Lair:1   | HP: 1/100 [demonic crawler (14)]
 16769 | Lair:1   | Slain by a demonic crawler

Illustrated notes

Levels and vault maps discovered:
D:1:      lemuel_arrival_broad_hall, layout_basic, serial_curves,
          eino_curves_04, eino_curves_03, eino_curves_03, eino_curves_04,
          serial_shops, nicolae_shop_bloodbath_and_beyond,
          nicolae_shop_peninsula, nicolae_shop_statue_plus, shop,
          minmay_split_cup_large
D:2:      layout_basic, basic_altar, kennysheep_generic_room_10
D:3:      layout_loops_ring, tso_altar, fedhas_altar_1, grunt_decor_resistance,
          kennysheep_generic_room_7
D:4:      layout_gridville, general_overflow_altar, temple_statues,
          minmay_misc_feat_nine_boxes
D:5:      layout_basic, kennysheep_cluttered_room, lexackson_kobold_supper
D:6:      layout_rooms, nicolae_sif_muna_little_library, cheibriados_altar_1,
          ebering_ghost_gozag
D:7:      layout_loops_ring, serial_shops, nicolae_shop_waterfront, minmay_puff
D:8:      layout_loops_ring, mainiacjoe_overflow_chevrons, erik_lair_island,
          minmay_misc_feat_roman, corner_web_ring, uniq_psyche,
          uniq_prince_ribbit1
D:9:      layout_long_grid, nzn_wu_jian_contemplation,
          gammafunk_temple_overflow_pools, enter_bailey_7
D:10:     layout_stronghold, lemuel_coloured_pillars_altar, fiery_altar_vehumet
D:11:     layout_rooms, orc_0_dummy, eino_small_chamber_without_monster
D:12:     layout_rooms, serial_shops, shop, kennysheep_mini
Temple:   grunt_temple_mini_profane
Lair:1:   layout_regular_city, serial_bayou, serial_bayou_lagoon_a,
          serial_bayou_lake_a, serial_bayou_crossing, serial_bayou_pond_e,
          small_statue_intersection, worms_lemuel

Skill      XL: |  1  2  3  4  5  6  7  8  9 10 11 12 |
---------------+-------------------------------------+-----
Stealth        | 2 |  2.0
Dodging        | 2 |  2.0
Conjurations   | 2 3 4 5 6 7 9 10 11 | 11.0
Spellcasting   | 3 4 5 6 7 9 10 | 10.6
Fire Magic     | 4 5 6 8 9 10 11 | 11.0
Fighting       | 2 4 5 6 7 |  7.1
Shields        | 1 2 |  2.7

Action                     |  1- 3 |  4- 6 |  7- 9 | 10-12 || total
---------------------------+-------+-------+-------+-------++-------
  Melee: Short sword       |    99 |       |       |       ||    99
         Tailslap          |    17 |     5 |     6 |    29 ||    57
         Punch             |     1 |       |     3 |     2 ||     6
         Flail             |    29 |    32 |       |       ||    61
         Dagger            |       |     6 |    10 |       ||    16
         Hand axe          |       |       |    60 |    76 ||   136
         Unarmed           |       |       |    13 |       ||    13
         Spear             |       |       |       |   107 ||   107
  Throw: Throwing net      |       |       |     1 |       ||     1
   Cast: Foxfire           |    24 |    78 |    56 |   260 ||   418
         Scorch            |     2 |    10 |   110 |   194 ||   316
         Flame Wave        |       |       |     1 |    18 ||    19
         Volatile Blastmot |       |       |       |     1 ||     1
  Evoke: Wand              |       |       |       |     4 ||     4
    Use: Scroll            |       |     6 |    13 |    11 ||    30
         Potion            |       |       |     3 |     8 ||    11
   Stab: Sleeping          |     5 |     1 |       |     1 ||     7
 Armour: Skin              |    72 |    13 |   141 |   446 ||   672
  Dodge: Dodged            |   137 |    53 |   105 |   249 ||   544
  Block: Buckler           |       |       |       |    86 ||    86

Table legend: (Time is in decaauts)
 A = Elapsed time spent in this place.
 B = Non-inter-level travel time spent in this place.
 C = Inter-level travel time spent in this place.
 D = Time resting spent in this place.
 E = Time spent auto-exploring this place.
 F = Levels seen in this place.
 G = Mean time per level.
                   A        B        C        D        E       F      G
               +--------+--------+--------+--------+--------+-----+--------+
         Total |  16833 |  16011 |    822 |   4118 |   8323 |  15 | 1122.2 |
       Dungeon |  12821 |  12322 |    499 |   2374 |   7585 |  12 | 1068.4 |
        Temple |    117 |      2 |    115 |      0 |      0 |   1 |  117.0 |
          Lair |   2432 |   2224 |    208 |   1018 |    738 |   1 | 2432.0 |
        Bailey |   1461 |   1461 |      0 |    726 |      0 |   1 | 1461.0 |
               +--------+--------+--------+--------+--------+-----+--------+

Top non-repeatable levels by time:
  Lair:1: 2432 daAuts
     D:8: 1649 daAuts
     D:7: 1646 daAuts
    D:10: 1521 daAuts
  Bailey: 1461 daAuts
     D:5: 1327 daAuts
     D:4: 1206 daAuts
     D:3: 1031 daAuts
     D:1: 1009 daAuts
     D:9: 1006 daAuts
     D:2: 848 daAuts
     D:6: 783 daAuts
    D:11: 715 daAuts
  Temple: 117 daAuts
    D:12: 74 daAuts
